Map: Odyssey LE

Players

INnoVation

  • Race: Terran Terran
  • League: Grandmaster
  • Spawn Location: 11:00

GuMiho - Winner!

  • Race: Terran Terran
  • League: Master
  • Spawn Location: 5:00

VOD

Have the link to the VOD?

Description

Time

  • Played on: Dec. 23, 2017, 3:35 a.m.
  • Length: 10:29
Show
View Real Time Build Order
Export as new Build Order

INnoVation Terran 

Build Orders: Mech 

Get SALT Encoding   

  12  0:00  SCV  
  13  0:12  SCV  
  14  0:16  Supply Depot  
  14  0:25  SCV  
  15  0:38  SCV  
  15  0:39  Barracks  
  16  0:43  Refinery  
  16  0:50  SCV  
  17  1:02  SCV  
  18  1:14  SCV  
  19  1:26  Orbital Command  
  19  1:27  Reaper  
  20  1:48  Refinery  
  20  1:52  Supply Depot, SCV  
  21  1:57  Bunker  
  21  1:59  Marine  
  22  2:02  Factory  
  22  2:04  SCV  
  23  2:16  SCV, Marine  
  25  2:28  SCV  
  26  2:34  Marine  
  27  2:40  SCV  
  28  2:47  Factory Tech Lab, Starport  
  28  2:50  Command Center  
  28  2:53  SCV  
  29  2:58  Supply Depot  
  29  3:01  Barracks Reactor  
  29  3:05  SCV  
  29  3:17  SCV  
  30  3:21  Cyclone  
  33  3:28  Banshee  
  33  3:30  Supply Depot  
  33  3:31  SCV  
  37  3:43  SCV  
  38  3:59  SCV  
  39  4:03  Orbital Command  
  39  4:06  Cyclone  
  42  4:11  SCV, Raven  
  45  4:21  Orbital Command  
  45  4:23  SCV  
  46  4:27  Command Center  
  46  4:35  SCV  
  47  4:39  Cyclone  
  47  4:42  Refinery  
  47  4:43  Refinery  
  50  4:46  SCV  
  50  4:47  SCV  
  52  4:58  SCV  
  52  4:59  SCV  
  54  5:00  Starport Reactor  
  54  5:06  Supply Depot  
  54  5:11  SCV  
  54  5:12  SCV  
  59  5:14  Hellion  
  59  5:15  Hellion  
  59  5:19  Factory  
  60  5:23  SCV  
  60  5:24  SCV  
  62  5:35  SCV  
  63  5:36  SCV  
  63  5:37  Armory  
  63  5:39  Orbital Command  
  63  5:40  Armory  
  64  5:43  Hellion x2  
  64  5:47  SCV  
  64  5:48  SCV  
  70  5:54  Supply Depot  
  70  6:00  SCV x2  
  70  6:02  Factory, Infernal Pre-Igniter  
  72  6:04  Barracks Reactor  
  72  6:05  Orbital Command  
  72  6:09  Siege Tank  
  75  6:12  SCV x2  
  77  6:20  Hellion x2  
  77  6:25  Medivac x2  
  85  6:29  SCV x2  
  85  6:32  SCV  
  88  6:34  Terran Vehicle Weapons Level 1  
  88  6:38  Terran Vehicle And Ship Armor Level 1  
  88  6:39  Supply Depot  
  88  6:41  Supply Depot  
  88  6:44  SCV x2, Orbital Command  
  91  6:51  Supply Depot  
  91  6:53  Siege Tank  
  92  7:01  Hellbat x3, Medivac  
  100  7:03  Hellbat  
  100  7:05  Supply Depot  
  100  7:07  Supply Depot  
  100  7:08  Medivac  
  96  7:26  Orbital Command  
  96  7:27  Hellbat x2  
  96  7:28  Hellbat x2, Siege Tank  
  107  7:34  Orbital Command  
  87  7:46  Viking x2  
  91  7:54  Hellbat x2  
  91  7:55  Hellbat  
  94  8:00  SCV x3  
  94  8:04  Siege Tank  
  100  8:12  SCV x2  
  102  8:13  SCV  
  93  8:23  Medivac x2  
  93  8:24  SCV x2  
  93  8:25  SCV  
  92  8:31  Hellbat  
  92  8:32  Hellbat x2  
  95  8:35  Hellbat  
  95  8:42  Siege Tank  
  95  8:43  SCV x2  
  91  8:53  Hellbat x2  
  91  8:55  SCV  
  92  8:56  Hellbat  
  92  9:00  SCV  
  80  9:03  Medivac  
  80  9:05  Medivac  
  80  9:07  SCV  
  85  9:13  SCV  
  85  9:14  Hellbat  
  88  9:19  SCV  
  88  9:21  Hellbat  
  88  9:22  Hellbat  
  95  9:29  Factory Reactor  
  95  9:30  SCV  
  94  9:31  SCV  
  94  9:33  Medivac  
  94  9:35  Hellbat, Medivac  
  94  9:37  Orbital Command  
  101  9:42  SCV  
  101  9:43  Hellbat x2, SCV  
  107  9:52  Supply Depot  
  107  9:53  Supply Depot  
  95  10:06  Hellbat x3  
  95  10:07  Hellbat  
  93  10:09  SCV x2  
Show
View Real Time Build Order
Export as new Build Order

GuMiho Terran - Winner!

Build Orders: 1/1/1, Cyclone Opening, Bio Tank 

Get SALT Encoding   

  12  0:00  SCV  
  13  0:12  SCV  
  14  0:16  Supply Depot  
  14  0:25  SCV  
  15  0:28  Refinery  
  15  0:38  SCV  
  16  0:45  Barracks  
  16  0:50  SCV  
  16  0:55  Refinery  
  17  1:02  SCV  
  18  1:14  SCV  
  19  1:31  Orbital Command  
  19  1:32  Reaper  
  20  1:34  Factory  
  20  1:43  Supply Depot  
  20  1:56  SCV  
  21  2:04  Reaper  
  22  2:08  SCV  
  23  2:18  Cyclone  
  23  2:21  Starport, SCV  
  27  2:29  Supply Depot  
  27  2:33  SCV  
  27  2:36  Barracks Tech Lab  
  28  2:45  SCV  
  29  2:57  SCV  
  30  3:07  Command Center, Raven  
  30  3:12  SCV  
  33  3:16  Barracks Reactor  
  33  3:18  Supply Depot  
  33  3:21  Factory Tech Lab  
  33  3:24  SCV  
  34  3:36  SCV  
  34  3:40  Siege Tank  
  38  3:47  Supply Depot  
  39  3:48  SCV  
  39  3:51  Viking  
  39  3:53  Marine x2  
  43  4:01  SCV  
  44  4:10  Marine  
  44  4:11  Marine  
  44  4:13  SCV  
  44  4:15  Siege Tank  
  50  4:19  Orbital Command  
  50  4:26  SCV  
  51  4:38  SCV  
  52  4:47  SCV  
  52  4:49  Barracks  
  52  4:50  Barracks, Stimpack  
  52  4:52  SCV  
  54  4:53  Marine  
  54  4:54  Starport Reactor  
  54  4:59  SCV, Refinery  
  56  5:04  SCV, Engineering Bay  
  57  5:10  Siege Tank  
  57  5:11  SCV, Marine  
  62  5:16  SCV  
  62  5:18  Supply Depot  
  63  5:23  SCV  
  65  5:28  SCV, Marine  
  65  5:30  Missile Turret  
  65  5:32  Terran Infantry Weapons Level 1  
  66  5:35  SCV  
  66  5:39  Supply Depot  
  66  5:40  SCV  
  66  5:42  Starport Reactor  
  68  5:46  Marine  
  68  5:48  Siege Tank, Marine x4  
  76  5:51  Supply Depot  
  76  5:54  Supply Depot  
  76  5:55  SCV  
  76  5:56  Refinery  
  77  6:04  Marine  
  77  6:06  Marine x3  
  77  6:07  SCV x2  
  83  6:12  Supply Depot  
  83  6:13  Marine  
  83  6:20  Siege Tank  
  83  6:22  Marine  
  83  6:23  Medivac  
  83  6:24  Marine x2, Medivac  
  92  6:32  Marine x2  
  94  6:37  SCV  
  94  6:38  Supply Depot  
  95  6:40  Marine  
  95  6:41  Marine  
  95  6:42  Marine  
  95  6:46  Supply Depot  
  98  6:47  SCV  
  98  6:50  Marine x2  
  98  6:53  Combat Shields  
  101  6:56  Siege Tank  
  101  6:57  Marine  
  101  6:59  Marine  
  101  7:01  Medivac  
  108  7:07  Medivac  
  110  7:08  Marine x3  
  113  7:15  Marine  
  113  7:17  Marine  
  115  7:26  Marine x3  
  115  7:28  Siege Tank  
  121  7:33  Marine  
  121  7:35  Marine  
  104  7:44  Marine x3  
  91  7:45  SCV x2  
  91  7:49  Command Center  
  91  7:51  Marine  
  96  7:53  Marine, Medivac x2  
  102  8:00  SCV x2  
  102  8:02  Marine x3  
  107  8:08  Barracks, Terran Infantry Armor Level 1  
  107  8:09  Barracks  
  107  8:17  Marauder  
  103  8:20  Marine  
  103  8:24  Siege Tank  
  103  8:25  Marine  
  103  8:27  Marine  
  108  8:37  Marine  
  108  8:38  Marine  
  108  8:39  Marauder  
  112  8:41  SCV x2  
  112  8:43  Marine  
  112  8:44  Marine  
  114  8:56  Siege Tank  
  114  9:00  Marauder  
  100  9:05  Marine x3  
  102  9:10  Viking x2  
  102  9:11  SCV  
  102  9:12  Orbital Command  
  107  9:18  Marine  
  107  9:19  Barracks Tech Lab x2  
  107  9:22  Marauder  
  110  9:28  Siege Tank  
  110  9:30  Engineering Bay  
  113  9:31  Armory  
  113  9:33  SCV x2  
  113  9:38  Marauder x2  
  119  9:39  Marine  
  119  9:40  Marine  
  119  9:42  Marine  
  122  9:46  Viking  
  122  9:51  Viking  
  118  10:00  Marauder x2, Marine x3  
  118  10:02  Marine  
  122  10:08  Marine  
Tags
 
Add a new tag
Caveats
  • Supply blocks, unpowered buildings, or Contaminate may cause inaccurate times.
  • Supply counts are checked every 10 seconds.